 Dungeon Crawl Stone Soup version 0.29.0-13-gc9e81de378 (webtiles) character file.

Game seed: 18054799715653909803

4 Akari934 the Trooper (level 1, 0/19 HPs)
             Began as a Draconian Berserker on Sept 7, 2022.
             Was a Follower of Trog.
             Slain by a jackal (1 damage)
             ... on level 1 of the Dungeon.
             The game lasted 00:02:10 (64 turns).

Akari934 the Trooper (Draconian Berserker)            Turns: 64, Time: 00:02:10

Health: 0/19       AC:  4    Str: 19    XL:     1   Next: 58%
Magic:  1/1        EV:  9    Int:  7    God:    Trog [*.....]
Gold:   0          SH:  0    Dex: 10    Spells: 0/0 levels left

rFire   . . .      SeeInvis .   a - +0 short sword
rCold   . . .      Faith    .   (no shield)
rNeg    . . .      Spirit   .   (body armour unavailable)
rPois   .          Reflect  .   (helmet restricted)
rElec   .          Harm     .   (no cloak)
rCorr   .          Rampage  .   (no gloves)
Will    .....                   (no boots)
Stlth   +.........              (no amulet)
HPRegen 0.06/turn               (no ring)
MPRegen 0.07/turn               (no ring)

@: constricted
A: AC +4, unfitting armour, cold-blooded
a: Renounce Religion, Berserk


You were on level 1 of the Dungeon.
You worshipped Trog.
Trog was aware of your devotion.
You visited 1 branch of the dungeon, and saw 1 of its levels.

Inventory:

Hand Weapons
 a - a +0 short sword (weapon)


   Skills:
 + Level 3.4 Fighting
 + Level 3.1 Short Blades
 + Level 2.8 Dodging


You couldn't memorise any spells.
You didn't know any spells.
Your spell library contained the following spells:

 Spells                   Type           Power      Damage    Failure   Level
 Confusing Touch          Hex            0%         N/A       80%         3
 Yara's Violent Unravell  Hex/Tmut       0%         3d3       100%        5
 Enfeeble                 Hex            0%         N/A       100%        7


Dungeon Overview and Level Annotations

Branches:
Dungeon (1/15)

Altars:


Innate Abilities, Weirdness & Mutations

Your plain brown scales are hard. (AC +4)
You cannot fit into any form of body armour.
You are cold-blooded and may be slowed by cold attacks.


Message History

Things that are here:
a +0 dagger; a kobold corpse You barely miss the bat.
The bat closely misses you. The jackal barely misses you.
The bat closely misses you. The bat hits you but does no damage.
The jackal misses you.
A jackal comes into view.
The bat hits you but does no damage.
The jackal bites you but does no damage.
The jackal barks!
You hit the bat.
You kill the bat!
Trog accepts your kill.
You hear an angry hiss.
You hear a bark!
The jackal bites you.
A ball python comes into view.
The ball python hisses angrily.
You hear a bark!
The jackal bites you but does no damage.
The ball python bites you.
* * * LOW HITPOINT WARNING * * *
The ball python closely misses you. The jackal barely misses you.
You hit the jackal but do no damage. You tail-slap the jackal.
The jackal is lightly wounded.
A bat comes into view.
The jackal completely misses you.
The ball python bites you but does no damage.
The ball python grabs you. The ball python constricts you.
The jackal barely misses you. The jackal bites you.
* * * LOW HITPOINT WARNING * * *
You closely miss the jackal.
The jackal is lightly wounded.
The ball python closely misses you. The ball python constricts you.
* * * LOW HITPOINT WARNING * * *
The jackal barely misses you. The jackal bites you.
* * * LOW HITPOINT WARNING * * *
You hit the jackal.
The jackal is heavily wounded.
The jackal bites you.
You die...

...# #### ## ####..#
#... #b .....####..# #.
#...#....## # #.
#.b.#.#...#
#.###.######..(....###
...$...........†....#
###.##..........hS.####
#.#.#.#...#####.@#....#
.#.#.#..#.....#.h##.###
#.#.#.#.#...#.#.)# ...
#.#.#..###.#.#..# #.##
#<#.#...#....>.# .h
#.#.#..#.#.#.#..# ..K
#.#.#.#.#.....#..# .#.#
#.## #.# #.## ...
....... ..


You could see 2 jackals, a bat and a ball python.

Vanquished Creatures
  2 giant cockroaches (D:1)
  A ball python (D:1)
  A bat (D:1)
  A kobold (D:1)
5 creatures vanquished.

Notes
Turn   | Place    | Note
-------+----------+-------------------------------------------
     0 | D:1      | Akari934 the Draconian Berserker began the quest for the
                  | Orb.
     0 | D:1      | Reached XP level 1. HP: 19/19 MP: 1/1
    64 | D:1      | Slain by a jackal

Illustrated notes

Levels and vault maps discovered:
D:1:      lightli_arrival_chessboard, layout_basic, minmay_worlds_worst_comb

Action                   || total
-------------------------++-------
Melee: Short sword       ||    31
       Tailslap          ||     3
Armor: Skin              ||    15
Dodge: Dodged            ||    37
